 Dungeon Crawl Stone Soup version 0.27.1 (webtiles) character file.

Game seed: 5035015825163343073

10 calewdscratch the Sneak (level 2, -2/15 HPs)
             Began as a Kobold Enchanter on Sept 1, 2021.
             Slain by Terence (5 damage)
             ... on level 1 of the Dungeon.
             The game lasted 00:07:28 (1347 turns).

calewdscratch the Sneak (Kobold Enchanter)          Turns: 1347, Time: 00:07:28

Health: -2/15      AC:  2    Str:  5    XL:     2   Next: 30%
Magic:  14/14      EV: 15    Int: 16    God:
Gold:   52         SH:  0    Dex: 15    Spells: 4/5 levels left

rFire    . . .     SeeInvis .   a - +1 dagger
rCold    . . .     Faith    .   (shield restricted)
rNeg     . . .     Spirit   .   b - +0 robe
rPois    .         Reflect  .   (no helmet)
rElec    .         Harm     .   (no cloak)
rCorr    .         Rampage  .   (no gloves)
Will     .....                  (no boots)
Stlth    ++++......             (no amulet)
HPRegen  0.05/turn              e - ring of magical power
MPRegen  0.14/turn              (no ring)

@: no status effects
A: small, no large weapons, nightstalker 3
a: no special abilities


You were on level 1 of the Dungeon.
You visited 1 branch of the dungeon, and saw 2 of its levels.

You collected 52 gold pieces.

Inventory:

Hand Weapons
 a - a +1 dagger (weapon)
Armour
 b - a +0 robe (worn)
Jewellery
 e - a ring of magical power (left hand)
Scrolls
 c - a scroll of noise {unknown}
Potions
 d - a potion of lignification {unknown}


   Skills:
 + Level 2.3 Short Blades
 - Level 2.4 Dodging
 + Level 4.5 Stealth
 - Level 2.1 Spellcasting
 - Level 3.0 Hexes


You had 4 spell levels left.
You knew the following spells:

 Your Spells              Type           Power      Damage    Failure   Level
a - Corona                Hex            12%        N/A       6%          1

Your spell library contained the following spells:

 Spells                   Type           Power      Damage    Failure   Level
 Ensorcelled Hibernation  Hex/Ice        12%        N/A       17%         2
 Confusing Touch          Hex            11%        N/A       19%         3
 Tukima's Dance           Hex            11%        N/A       19%         3
 Dazzling Flash           Conj/Hex       12%        N/A       32%         3


Dungeon Overview and Level Annotations

Branches:
Dungeon (2/15)

Altars:

Annotations:
D:1 Terence


Innate Abilities, Weirdness & Mutations

You are small and have problems with some larger weapons.
You are completely attuned to the shadows.


Message History

Terence barely misses you.
Things that are here:
a +0 short sword; a kobold skeleton Terence says, "Time to say good-bye..."
There is a stone staircase leading up here.
Terence misses you.
You climb upwards.
There is a stone staircase leading down here.
Casting: Corona (safe; 6% risk of failure)
Confirm with . or Enter, or press ? or * to list all spells.
You don't know that spell.
Unknown command.
Aiming: Corona (safe; 6% risk of failure)
Press: ? - help, Q - select action Shift-Dir - straight line, f - Terence
Aim: Terence, wielding a +0 flail and wearing a +0 scale mail (chance to affect: 55%) Terence is outlined in light.
Terence hits you but does no damage.
You hit Terence.
Terence is lightly wounded.
Terence hits you with a +0 flail.
You barely miss Terence.
Terence is lightly wounded.
Terence completely misses you.
You hit Terence but do no damage.
Terence is lightly wounded.
You hit Terence.
Terence is lightly wounded.
Terence misses you.
You hit Terence but do no damage.
Terence is lightly wounded.
Terence barely misses you.
You hit Terence but do no damage.
Terence is lightly wounded.
Terence hits you with a +0 flail!
Ouch! That really hurt!
* * * LOW HITPOINT WARNING * * *
You barely miss Terence.
Terence is lightly wounded.
Terence hits you with a +0 flail.
You die...

.##......................).####..
..........................## #..
...........................####..
.........................#...##..
..###....................###.....
.........................# ####..
#>.##.#.....#............# #..
##.....######...........## #..
####..######..@@.......# #..
##.............###### #..
###...........# ### #####.......#
##......# #......# #......#
#......# #......#


You could see Terence (corona).

Vanquished Creatures
  2 endoplasms (D:1)
  A giant cockroach (D:1)
  2 ball pythons (D:1)
  A frilled lizard (D:1)
  3 kobolds
  2 rats (D:1)
11 creatures vanquished.

Notes
Turn   | Place    | Note
-------+----------+-------------------------------------------
     0 | D:1      | calewdscratch the Kobold Enchanter began the quest for the
                  | Orb.
     0 | D:1      | Reached XP level 1. HP: 10/10 MP: 3/3
   797 | D:2      | Reached XP level 2. HP: 15/15 MP: 5/5
   797 | D:2      | Noticed Terence
  1347 | D:1      | Slain by Terence

Illustrated notes

Levels and vault maps discovered:
D:1:      dpeg_arrival_tiny_c, layout_rooms, minmay_misc_feat_chi
D:2:      layout_rooms, hellmonk_ecumenical_altar_slurped_away,
          serial_bayou_lagoon_a, minmay_pentomino_x2, uniq_terence

Skill      XL: |  1 |
---------------+----+-----
Short Blades   | 2 |  2.3
Dodging        | |  2.4
Stealth        | |  4.5
Spellcasting   | |  2.1
Hexes          | |  3.0

Action                   || total
-------------------------++-------
Melee: Dagger            ||    47
 Cast: Corona            ||     5
 Stab: Sleeping          ||     3
Armor: Robe              ||     3
Dodge: Dodged            ||    32
